 Dungeon Crawl Stone Soup version 0.17.1-3-g152610e (webtiles) character file.

155 Reg the Skirmisher (level 5, -2/45 HPs)
             Began as a Centaur Fighter on Apr 6, 2016.
             Slain by Grinder (4 damage)
             ... on level 3 of the Dungeon.
             The game lasted 00:17:42 (3459 turns).

Reg the Skirmisher (Centaur Fighter)                Turns: 3459, Time: 00:17:42

Health: -2/45      AC:  6    Str: 19    XL:     5   Next: 14%
Magic:  5/5        EV:  6    Int:  7    God:
Gold:   51         SH:  8    Dex:  9    Spells: 0 memorised, 4 levels left

rFire  + . .     SeeInvis .     G - +2 spear (pierce)
rCold  . . .     Clarity  .     l - +0 ring mail
rNeg   . . .     SustAt   .     c - +0 shield
rPois  .         Gourm    .     (no helmet)
rElec  .         Spirit   .     (no cloak)
rCorr  .         Warding  .     (no gloves)
rMut   .         Stasis   .     (no barding)
MR     .....                    n - amulet of rage
Stlth  ..........               D - ring of protection from fire
                                y - ring of flight

@: lethally poisoned (-2 -> -4), very quick, not resistant to hostile
enchantments, extremely unstealthy
A: hooves 3, deformed body, speed 2, tough skin 3
a: Evoke Berserk Rage, Evoke Flight


You were on level 3 of the Dungeon.
You were not hungry.

You visited 1 branch of the dungeon, and saw 3 of its levels.

You collected 51 gold pieces.

Inventory:

Hand Weapons
 a - a +0 war axe
 e - a cursed -3 dagger
 h - a +0 dagger
 i - a cursed -2 club
 j - a +0 club
 k - a +0 club
 o - a +0 club
 p - a +0 club
 q - a +0 dagger
 r - a +0 club
 t - a cursed +0 club
 v - a +0 mace
 x - a +0 short sword
 A - a +0 dagger
 E - a +0 spear
 F - a +0 flail
 G - a +2 spear of piercing (weapon)
 J - a +1 dagger of venom
 K - a +0 dagger
Missiles
 f - 23 stones (quivered)
 g - 11 steel sling bullets
 m - 39 sling bullets
 s - 37 bolts
 I - 21 arrows
Armour
 b - a +0 scale mail
 c - a +0 shield (worn)
 l - a +0 ring mail (worn)
 w - a +0 scale mail
 H - a +0 robe
Jewellery
 n - an amulet of rage (around neck)
 y - a ring of flight (left hand)
 D - a ring of protection from fire (right hand)
Wands
 L - a wand of flame (27)
Scrolls
 u - a scroll of remove curse
 C - a scroll of noise
Potions
 d - a potion of might
Comestibles
 z - 2 beef jerkies
 B - a meat ration
 M - 2 chunks of flesh


   Skills:
 + Level 3.5 Fighting
 + Level 2.4 Axes
 + Level 0.1(1.4) Polearms
 + Level 2.9 Armour
 + Level 1.3 Dodging
 + Level 2.7 Shields


You had 4 spell levels left.
You didn't know any spells.

Dungeon Overview and Level Annotations

Branches:
Dungeon (3/15)

Altars:
Nemelex Xobeh
Sif Muna
Xom
Yredelemnul
Zin

Annotations:
D:2 Robin
D:3 Grinder, Jessica


Innate Abilities, Weirdness & Mutations

You have hooves in place of feet.
Armour fits poorly on your strangely shaped body.
You cover ground very quickly.
You have extremely tough skin (AC +3).


Message History

The goblin hits you but does no damage. x2
The hobgoblin hits you but does no damage.
You climb upwards.
There is a stone staircase leading down here.
You are too injured to fight recklessly!
You feel sick. The adder bites you but does no damage.
The goblin hits you with a dagger.
* * * LOW HITPOINT WARNING * * *
The goblin hits you with a club.
* * * LOW HITPOINT WARNING * * *
You block the adder's attack.
You climb downwards.
Level annotation: Grinder, Jessica
There is a stone staircase leading up here.
You feel sick. You block the adder's attack.
Grinder hits you but does no damage.
You feel sick. Grinder hits you.
* * * LOW HITPOINT WARNING * * *
You writhe in agony.
You die...

....>.. ..#.#..........#
.......####.#............#
.......g..#..............#
.......##.##.....^.......#
.......§gg........<......#
.......####....#..........
........##........######..
.>......#...............
.......@##5@.......#####
.......gggS......###
.....>.<.##.....##
........###.....#
........# #.....#
........# #.....#
........# ##...##
........# #### #########


You could see Grinder, an adder and 3 goblins.

Vanquished Creatures
  Terence (D:2)
  3 gnolls (D:2)
  3 adders (D:2)
  3 worms
  4 giant geckos
  3 giant cockroaches
  7 hobgoblins
  3 jackals (D:2)
  6 kobolds
  A quokka (D:2)
  8 bats
  5 giant newts
  12 goblins
  8 rats
67 creatures vanquished.

Notes
Turn   | Place    | Note
--------------------------------------------------------------
     0 | D:1      | Reg the Centaur Fighter began the quest for the Orb.
     0 | D:1      | Reached XP level 1. HP: 19/19 MP: 1/1
   409 | D:1      | Reached XP level 2. HP: 26/26 MP: 2/2
  1333 | D:2      | Noticed Terence
  1341 | D:2      | Killed Terence
  1341 | D:2      | Reached XP level 3. HP: 27/31 MP: 3/3
  1415 | D:2      | Found a basalt altar of Yredelemnul.
  1802 | D:2      | Reached XP level 4. HP: 29/38 MP: 4/4
  1999 | D:2      | Found a glowing silver altar of Zin.
  2013 | D:2      | Found a deep blue altar of Sif Muna.
  2166 | D:2      | Found a shimmering altar of Xom.
  2178 | D:2      | Found a sparkling altar of Nemelex Xobeh.
  2239 | D:2      | Reached skill level 1 in Dodging
  2903 | D:3      | Reached XP level 5. HP: 45/45 MP: 5/5
  2915 | D:3      | Noticed Grinder
  2917 | D:3      | Noticed Jessica
  2924 | D:3      | Paralysed by Grinder for 6 turns
  2927 | D:3      | Noticed Robin
  3459 | D:3      | HP: 2/45 [Grinder (5)]
  3459 | D:3      | Slain by Grinder

Action                   |  1- 3 |  4- 6 || total
-------------------------+-------+-------++-------
Melee: War axe           |   105 |    40 ||   145
       Spear             |       |    48 ||    48
  Use: Scroll            |       |     4 ||     4
       Potion            |       |     1 ||     1
  Eat: Chunk             |     1 |     1 ||     2
       Bread ration      |     1 |       ||     1
